 Dungeon Crawl Stone Soup version 0.19.1 (webtiles) character file.

3066 Ice the Thrower (level 9, -1/79 HPs)
             Began as a Minotaur Berserker on Dec 9, 2016.
             Was a High Priest of Trog.
             Slain by a gnoll sergeant
             ... wielding a +0 glaive
              (5 damage)
             ... in a bailey.
             The game lasted 00:34:56 (6773 turns).

Ice the Thrower (Minotaur Berserker)                Turns: 6773, Time: 00:34:57

Health: -1/79      AC: 16    Str: 23    XL:     9   Next: 57%
Magic:  8/8        EV:  8    Int:  4    God:    Trog [*****.]
Gold:   428        SH:  3    Dex: 12    Spells: 0 memorised, 8 levels left

rFire  . . .     SeeInvis .     L - +3 great mace (holy)
rCold  . . .     Gourm    .     A - +3 plate armour of Quvvekim {rPois}
rNeg   . . .     Faith    .     (shield currently unavailable)
rPois  +         Spirit   .     (helmet restricted)
rElec  .         Reflect  +     q - +0 cloak
rCorr  .         Harm     .     (no gloves)
MR     .....                    (no boots)
Stlth  ..........               v - +3 amulet of reflection
                                (no ring)
                                m - ring of flight

@: no status effects
A: retaliatory headbutt, horns 2
a: Berserk, Trog's Hand, Brothers in Arms, Burn Spellbooks, Renounce Religion,
Evoke Flight


You were in a bailey.
You worshipped Trog.
Trog was extremely pleased with you.
You were not hungry.

You visited 1 branch of the dungeon, and saw 8 of its levels.
You also visited: Sewer and Bailey.

You collected 428 gold pieces.

Inventory:

Hand Weapons
 b - a +0 blowgun
 L - a +3 great mace of holy wrath (weapon)
 R - a +7 short sword of venom
Missiles
 f - 165 stones (quivered)
 h - 55 bolts
 n - 56 sling bullets
 p - 5 poisoned needles
 s - 6 needles of confusion
 x - 68 arrows
 G - 2 throwing nets
Armour
 q - a +0 cloak (worn)
 A - the +3 plate armour of Quvvekim (worn) {rPois}
   (You found it on level 8 of the Dungeon)

   It protects you from poison.
Jewellery
 m - a ring of flight (left hand)
 v - a +3 amulet of reflection (around neck)
 B - an uncursed ring of ice
 H - a cursed amulet of inaccuracy {unknown}
 I - a +2 amulet of reflection
 N - an uncursed ring of positive energy {unknown}
Wands
 u - a wand of random effects (30/48)
Scrolls
 e - a scroll of enchant armour {unknown}
 i - 3 scrolls of magic mapping
 t - 3 scrolls of teleportation
 w - 2 scrolls of fog
 C - a scroll of immolation {unknown}
 K - 4 scrolls of remove curse
 Q - a scroll of blinking {unknown}
Potions
 d - a potion of might {unknown}
 g - 8 potions of curing
 k - 2 potions of brilliance {unknown}
 o - 3 potions of cure mutation
 z - 2 potions of mutation {unknown}
 D - a potion of resistance {unknown}
 E - 2 potions of degeneration {unknown}
 J - 3 potions of heal wounds
 M - 2 potions of magic {unknown}
 O - a potion of haste {unknown}
Books
 a - a book of the Sky

   Spells                             Type                      Level
   a - Summon Lightning Spire         Summoning/Air                4
   b - Airstrike                      Air                          4
   c - Silence                        Hexes/Air                    5
   d - Deflect Missiles               Charms/Air                   6
   e - Conjure Ball Lightning         Conjuration/Air              6
   f - Tornado                        Air                          9
   Trog disapproves of the use of such an item.
Comestibles
 c - 3 bread rations
 j - 7 fruits
 l - 5 meat rations
 r - 2 slices of pizza
 P - 19 chunks of flesh


   Skills:
 - Level 7.0 Fighting
 - Level 5.1 Maces & Flails
 + Level 8.5 Throwing
 - Level 5.0 Armour
 - Level 5.0 Dodging
 - Level 5.0 Stealth
   Level 3.3 Shields


You had 8 spell levels left.
You didn't know any spells.

Dungeon Overview and Level Annotations

Branches:
Dungeon (8/15)             Temple (0/1) D:7
   Lair: D:8-11

Altars:
Cheibriados
Dithmenos
Gozag
Hepliaklqana
Kikubaaqudgha
Okawaru
Uskayaw
Vehumet
The Shining One


Innate Abilities, Weirdness & Mutations

You reflexively headbutt those who attack you in melee.
You have a pair of horns on your head.


Message History

You closely miss the gnoll sergeant. You headbutt the gnoll sergeant!
The gnoll sergeant is severely wounded.
The gnoll shaman closely misses you. You block the gnoll sergeant's attack.
The gnoll shaman hits you from afar with an enchanted trident.
The gnoll sergeant hits you with a halberd!
Your plate armour of Quvvekim prevents you from hitting the gnoll sergeant.
The gnoll sergeant is severely wounded.
The gnoll shaman hits you but does no damage.
The gnoll sergeant hits you from afar with a glaive!
* * * LOW HITPOINT WARNING * * *
The gnoll shaman hits you from afar with an enchanted trident.
* * * LOW HITPOINT WARNING * * *
You don't know any spells.
The gnoll sergeant hits you from afar with a glaive.
* * * LOW HITPOINT WARNING * * *
The gnoll sergeant hits you from afar with a halberd.
* * * LOW HITPOINT WARNING * * *
There is an open door here.
The gnoll sergeant hits you from afar with a glaive.
You die...

#...# #...#
##'## ##.[)##
##)))..## ..#
#.......# ..#
#...8...#...#
#.......#...#
##..@..##gg.#
##...##ggg.#
##g##.gg.8#
#.gg#)....#
+.))'g.g.##
#...#gg.##
####...#####..≈
...............≈
..............≈≈


You could see 3 gnoll sergeants.

Vanquished Creatures
  Grinder (D:4)
  Menkaure (D:4)
  Edmund (D:5)
  Duvessa (D:7)
  3 ice beasts
  An orc warrior (D:6)
  3 sky beasts
  A phantom (D:6)
  A big kobold (D:7)
  2 bullfrogs
  2 gnoll sergeants (Bailey)
  Dowan (D:7)
  A scorpion (D:4)
  A water moccasin skeleton (D:6)
  3 killer bees (D:7)
  A crimson imp (D:5)
  5 orc priests
  2 bullfrog skeletons
  6 hounds
  A jelly (D:5)
  2 gnoll shamans (Bailey)
  2 centaur skeletons (D:6)
  3 iguanas
  Jessica (D:3)
  2 orc wizards
  5 worker ants
  2 hound skeletons
  A worker ant zombie (D:5)
  16 gnolls
  8 adders
  A river rat (D:6)
  An ooze (D:4)
  An adder skeleton (D:6)
  2 adder zombies
  4 worms
  3 dart slugs
  5 leopard geckos
  11 orcs
  8 ball pythons
  8 bats
  6 giant cockroaches
  7 goblins
  8 hobgoblins
  16 jackals
  4 quokkas
  11 frilled lizards
  A jackal skeleton (D:5)
  14 kobolds
  2 leopard gecko skeletons
  2 quokka skeletons
  14 rats
209 creatures vanquished.

Vanquished Creatures (others)
  An orc (D:8)
1 creature vanquished.

Grand Total: 210 creatures vanquished

Notes
Turn   | Place    | Note
-------+----------+-------------------------------------------
     0 | D:1      | Ice the Minotaur Berserker began the quest for the Orb.
     0 | D:1      | Reached XP level 1. HP: 19/19 MP: 0/0
   108 | D:1      | Reached XP level 2. HP: 12/26 MP: 1/1
   443 | D:1      | Reached XP level 3. HP: 28/31 MP: 2/2
   471 | D:1      | Reached ** piety under Trog
   927 | D:2      | Found an ancient bone altar of Kikubaaqudgha.
   986 | D:2      | Reached XP level 4. HP: 38/39 MP: 3/3
  1274 | D:2      | Reached skill level 5 in Dodging
  1713 | D:3      | Reached *** piety under Trog
  1725 | D:3      | Found a faded altar of an unknown god.
  1790 | D:3      | Noticed a hand axe
  1791 | D:3      | Noticed a hand axe
  1792 | D:3      | Found a hide-covered altar of Uskayaw.
  1920 | D:3      | Noticed Jessica
  1925 | D:3      | Killed Jessica
  1925 | D:3      | Reached XP level 5. HP: 47/47 MP: 4/4
  1934 | D:3      | Found a glowing golden altar of the Shining One.
  2103 | D:3      | Found a hazy altar of Hepliaklqana.
  2312 | D:4      | Noticed Grinder
  2317 | D:4      | Reached skill level 5 in Fighting
  2328 | D:4      | Killed Grinder
  2328 | D:4      | Reached XP level 6. HP: 39/60 MP: 5/5
  2380 | D:4      | Noticed Menkaure
  2393 | D:4      | Killed Menkaure
  2464 | D:4      | Found a snail-covered altar of Cheibriados.
  2483 | D:4      | Reached XP level 7. HP: 11/66 MP: 6/6
  2706 | D:4      | Found a shadowy altar of Dithmenos.
  3432 | D:5      | Entered Level 5 of the Dungeon
  3432 | D:5      | Found an opulent altar of Gozag.
  3436 | D:5      | Noticed Edmund
  3460 | D:5      | Killed Edmund
  3499 | D:5      | Reached skill level 5 in Stealth
  3581 | D:5      | Reached **** piety under Trog
  3696 | D:5      | Reached skill level 5 in Armour
  3696 | D:5      | Reached XP level 8. HP: 60/73 MP: 7/7
  3751 | D:5      | Reached skill level 1 in Throwing
  3819 | D:5      | Reached skill level 2 in Throwing
  4310 | D:6      | Reached skill level 3 in Throwing
  4362 | D:6      | Reached skill level 4 in Throwing
  4419 | D:6      | Reached skill level 5 in Throwing
  4594 | D:6      | Found an iron altar of Okawaru.
  4628 | D:6      | Found a glowing drain.
  4716 | D:6      | Reached skill level 5 in Maces & Flails
  4716 | D:6      | Reached XP level 9. HP: 70/79 MP: 8/8
  4759 | Sewer    | Entered a sewer
  5737 | D:7      | Reached ***** piety under Trog
  5763 | D:7      | Reached skill level 6 in Throwing
  5990 | D:7      | Found a staircase to the Ecumenical Temple.
  6059 | D:7      | Noticed Duvessa
  6060 | D:7      | Noticed Dowan
  6069 | D:7      | Killed Duvessa
  6069 | D:7      | Reached skill level 7 in Throwing
  6070 | D:7      | Killed Dowan
  6113 | D:7      | Received a gift from Trog
  6416 | D:8      | Got a bronze plate armour
  6463 | D:8      | Identified the +3 plate armour of Quvvekim {rPois} (You found it on level 8 of the Dungeon)
  6599 | D:8      | Found a flagged portal.
  6599 | D:8      | Found a radiant altar of Vehumet.
  6608 | Bailey   | Entered a bailey
  6661 | Bailey   | Reached skill level 8 in Throwing
  6773 | Bailey   | Slain by a gnoll sergeant

Skill      XL: |  1  2  3  4  5  6  7  8  9 |
---------------+----------------------------+-----
Dodging        | 3 4 5 |  5.0
Fighting       | 4 7 |  7.0
Stealth        | 3 5 |  5.0
Armour         | 5 |  5.0
Throwing       | 5 8 |  8.5
Shields        | 3 |  3.3
Maces & Flails | 5 |  5.1

Action                   |  1- 3 |  4- 6 |  7- 9 || total
-------------------------+-------+-------+-------++-------
Melee: Mace              |    81 |    54 |       ||   135
       Headbutt          |     6 |    16 |    66 ||    88
       Club              |       |    31 |    56 ||    87
       Dire flail        |       |       |   228 ||   228
       Great mace        |       |       |    45 ||    45
 Fire: Blowgun           |       |       |    71 ||    71
Throw: Stone             |    66 |    43 |   130 ||   239
       Tomahawk          |     4 |    32 |    16 ||    52
Invok: Berserk           |       |     2 |       ||     2
  Use: Scroll            |     6 |     3 |     6 ||    15
       Potion            |       |     2 |       ||     2
  Eat: Chunk             |       |     7 |    14 ||    21
Armor: Scale mail        |    29 |    24 |     4 ||    57
       Animal skin       |     1 |       |       ||     1
       Plate armour      |       |       |   218 ||   218
Dodge: Dodged            |    51 |    37 |   145 ||   233
Block: Other             |       |     4 |    38 ||    42
       Buckler           |       |       |     2 ||     2
